 Dungeon Crawl Stone Soup version 0.29-a0-813-g4a14ea37d6 (webtiles) character file.

Game seed: 17729174058014853583

177 indigestion the Sneak (level 5, -3/31 HPs)
             Began as an Octopode Fire Elementalist on July 4, 2022.
             Slain by a gnoll
             ... wielding a +0 flail
              (6 damage)
             ... on level 3 of the Dungeon.
             The game lasted 00:07:43 (2266 turns).

indigestion the Sneak (Octopode Fire Elementalist)  Turns: 2266, Time: 00:07:44

Health: -3/31      AC:  1    Str:  7    XL:     5   Next: 57%
Magic:  2/9        EV: 13    Int: 19    God:
Gold:   137        SH:  0    Dex: 13    Spells: 3/9 levels left

rFire   . . .      SeeInvis .   e - +0 dagger
rCold   . . .      Faith    .   (no shield)
rNeg    . . .      Spirit   .   (helmet restricted)
rPois   .          Reflect  .   j - amulet of regeneration
rElec   .          Harm     .   (no ring)
rCorr   .          Rampage  .   (no ring)
Will    .....                   (no ring)
Stlth   +++.......              (no ring)
HPRegen 0.90/turn               (no ring)
MPRegen 0.11/turn               (no ring)
                                (no ring)
                                (no ring)

@: mighty
A: almost no armour, amphibious, 8 rings, camouflage 1, gelatinous body 1,
(nimble swimmer 1), tentacles
a: no special abilities


You were on level 3 of the Dungeon.
You visited 1 branch of the dungeon, and saw 3 of its levels.

You collected 137 gold pieces.

Inventory:

Hand Weapons
 e - a +0 dagger (weapon)
 o - a +0 whip
 r - a +0 dagger
Jewellery
 j - an amulet of regeneration (around mantle)
Wands
 q - a wand of roots (10)
Scrolls
 c - a scroll of poison {unknown}
 f - a scroll of magic mapping {unknown}
 g - a scroll of noise {unknown}
 i - a scroll of fog {unknown}
 k - 3 scrolls of identify {unknown}
 l - a scroll of teleportation {unknown}
 m - 2 scrolls of blinking {unknown}
 t - a scroll of silence {unknown}
Potions
 a - 2 potions of magic
 b - a potion of heal wounds {unknown}
 d - a potion of mutation {unknown}
 h - a potion of ambrosia {unknown}
 p - a potion of curing {unknown}
 s - a potion of berserk rage {unknown}


   Skills:
 + Level 3.0 Dodging
 - Level 4.0 Stealth
 + Level 2.9 Spellcasting
 + Level 2.4 Conjurations
 + Level 1.1 Hexes
 - Level 3.5 Fire Magic


You had 3 spell levels left.
You knew the following spells:

 Your Spells              Type           Power      Damage    Failure   Level
a - Foxfire               Conj/Fire      56%        2x1d6     4%          1
b - Scorch                Fire           32%        2d7       5%          2
c - Inner Flame           Hex/Fire       11%        N/A       17%         3

Your spell library contained the following spells:

 Spells                   Type           Power      Damage    Failure   Level
 Conjure Flame            Conj/Fire      14%        6-21      14%         3
 Flame Wave               Conj/Fire      14%        2d6       41%         4


Dungeon Overview and Level Annotations

Branches:
Dungeon (3/15)

Altars:

Annotations:
D:2 1 runed translucent door, Crazy Yiuf


Innate Abilities, Weirdness & Mutations

You cannot wear most types of armour.
You are amphibious.
You can wear up to eight rings at the same time.
Your skin changes colour to match your surroundings (Stealth+).
Your rubbery body absorbs attacks. (AC +1, EV +1)
((You are camouflaged when in or above water. (Stealth+)))
You have tentacles for arms and can constrict up to eight enemies at once.


Message History

Casting: Foxfire (safe; 4% risk of failure)
Confirm with . or Enter, or press ? or * to list all spells.
You conjure some foxfire!
The gnoll shouts!
The gnoll hits you with a +0 flail!
The foxfire hits the gnoll.
The gnoll is severely wounded.
The foxfire hits the gnoll but does no damage.
The gnoll is severely wounded.
The gnoll closely misses you. The gnoll attacks as you move away!
The gnoll hits you with a +0 flail!
* * * LOW HITPOINT WARNING * * *
The endoplasm attacks as you move away!
The endoplasm hits you but does no damage.
Found a book of Cantrips.
The endoplasm jiggles.
The endoplasm attacks as you move away! The endoplasm misses you.
The endoplasm attacks as you move away! The endoplasm closely misses you.
The endoplasm attacks as you move away! The endoplasm hits you.
* * * LOW HITPOINT WARNING * * *
Found 7 stones.
The gnoll attacks as you move away! The gnoll closely misses you.
The endoplasm attacks as you move away! The endoplasm hits you.
* * * LOW HITPOINT WARNING * * *
It was a potion of might.
You feel very mighty all of a sudden. The endoplasm misses you.
The gnoll hits you from afar with a +0 halberd.
* * * LOW HITPOINT WARNING * * *
The gnoll hits you with a +0 flail.
* * * LOW HITPOINT WARNING * * *
The gnoll attacks as you move away! The gnoll barely misses you.
The endoplasm attacks as you move away! The endoplasm hits you.
* * * LOW HITPOINT WARNING * * *
The endoplasm attacks as you move away! The endoplasm hits you.
* * * LOW HITPOINT WARNING * * *
The endoplasm attacks as you move away!
The endoplasm hits you but does no damage.
The gnoll attacks as you move away! The gnoll hits you with a +0 flail.
You die...

....
#.............#
##..
#.........:...#
..
###+##.........
...............
...............
.........######
.......g.#
.....(.Jg#
.......@.#
.........#
.........#
.........#
##########


You could see 2 gnolls and an endoplasm.

Vanquished Creatures
  Jessica (D:2)
  Robin (D:2)
  6 gnolls
  An adder (D:2)
  2 worms
  3 dart slugs
  4 endoplasms
  A giant cockroach (D:1)
  10 goblins
  8 hobgoblins
  4 jackals (D:3)
  7 kobolds
  3 quokkas
  5 ball pythons
  2 bats (D:3)
  3 frilled lizards
  A rat (D:2)
62 creatures vanquished.

Vanquished Creatures (collateral kills)
  2 foxfires (D:1)
2 creatures vanquished.

Vanquished Creatures (others)
  139 foxfires
139 creatures vanquished.

Grand Total: 203 creatures vanquished

Notes
Turn   | Place    | Note
-------+----------+-------------------------------------------
     0 | D:1      | indigestion the Octopode Fire Elementalist began the quest
                  | for the Orb.
     0 | D:1      | Reached XP level 1. HP: 11/11 MP: 3/3
   209 | D:1      | Found a faded altar of an unknown god.
   237 | D:1      | Reached XP level 2. HP: 17/17 MP: 5/5
   239 | D:1      | Reached skill level 3 in Stealth
   848 | D:2      | Reached XP level 3. HP: 21/21 MP: 4/6
  1103 | D:2      | Reached XP level 4. HP: 27/27 MP: 2/7
  1184 | D:2      | Noticed Jessica
  1192 | D:2      | Learned a level 2 spell: Scorch
  1196 | D:2      | Learned a level 3 spell: Inner Flame
  1259 | D:2      | Found a runed translucent door.
  1260 | D:2      | Noticed Crazy Yiuf
  1286 | D:2      | Killed Jessica
  1487 | D:2      | Noticed Robin
  1588 | D:2      | Killed Robin
  1589 | D:2      | Reached skill level 4 in Stealth
  1589 | D:2      | Reached XP level 5. HP: 31/31 MP: 3/9
  2225 | D:3      | Reached skill level 1 in Hexes
  2258 | D:3      | HP: 1/31 [gnoll/+0 flail (5)]
  2266 | D:3      | Slain by a gnoll

Illustrated notes

Levels and vault maps discovered:
D:1:      evilmike_arrival_rings, layout_rooms,
          shapermc_ecumenical_altar_mp_ritualfount
D:2:      layout_basic, uniq_robin, uniq_jessica, uniq_crazy_yiuf_cottage
D:3:      layout_basic, uniq_ijyb

Skill      XL: |  1  2  3  4  5 |
---------------+----------------+-----
Stealth        | 3 4 |  4.0
Conjurations   | 2 |  2.4
Hexes          | 1 |  1.1
Dodging        | 3 |  3.0
Spellcasting   | |  2.9
Fire Magic     | |  3.5

Action                   |  1- 3 |  4- 6 || total
-------------------------+-------+-------++-------
Melee: Dagger            |    22 |    29 ||    51
       Constrict         |    10 |     6 ||    16
       Tentacles         |     6 |     8 ||    14
 Cast: Foxfire           |    40 |    39 ||    79
       Scorch            |       |     7 ||     7
  Use: Potion            |       |     1 ||     1
 Stab: Sleeping          |     3 |       ||     3
Armor: Skin              |       |     2 ||     2
Dodge: Dodged            |     8 |    26 ||    34

Table legend: (Time is in decaauts)
 A = Elapsed time spent in this place.
 B = Non-inter-level travel time spent in this place.
 C = Inter-level travel time spent in this place.
 D = Time resting spent in this place.
 E = Time spent auto-exploring this place.
 F = Levels seen in this place.
 G = Mean time per level.
                   A        B        C        D        E       F      G
               +--------+--------+--------+--------+--------+-----+--------+
         Total |   2265 |   2207 |     58 |    196 |   1417 |   3 |  755.0 |
       Dungeon |   2265 |   2207 |     58 |    196 |   1417 |   3 |  755.0 |
               +--------+--------+--------+--------+--------+-----+--------+

Top non-repeatable levels by time:
     D:2: 1226 daAuts
     D:1: 830 daAuts
     D:3: 208 daAuts
